 Dungeon Crawl Stone Soup version 0.22-a0-247-gbddf880 (webtiles) character file.

348 MatthieuS the Gusty (level 6, 0/35 HPs)
             Began as a Tengu Air Elementalist on Feb 24, 2018.
             Slain by enarc13's ghost (10 damage)
             ... on level 4 of the Dungeon.
             The game lasted 00:12:34 (4450 turns).

MatthieuS the Gusty (Tengu Air Elementalist)        Turns: 4450, Time: 00:12:35

Health: 0/35       AC:  6    Str:  8    XL:     6   Next: 60%
Magic:  0/12       EV: 17    Int: 18    God:
Gold:   179        SH:  0    Dex: 19    Spells: 2/12 levels left

rFire    . . .     SeeInvis .   a - +0 whip
rCold    . . .     Gourm    .   (no shield)
rNeg     . . .     Faith    .   s - +0 ring mail
rPois    .         Spirit   .   (helmet restricted)
rElec    .         Reflect  .   (no cloak)
rCorr    .         Harm     .   h - +0 pair of gloves
MR       .....                  (boots unavailable)
Stlth    +++.......             (no amulet)
HPRegen  0.11/turn              (no ring)
MPRegen  0.13/turn              k - ring of wizardry

@: agile, very slightly contaminated
A: beak, talons 3, able to fly 1
a: Fly


You were on level 4 of the Dungeon.
You were not hungry.

You visited 1 branch of the dungeon, and saw 4 of its levels.

You collected 179 gold pieces.

Inventory:

Hand Weapons
 a - a +0 whip (weapon)
Missiles
 c - 2 throwing nets (quivered)
Armour
 f - a +0 leather armour
 h - a +0 pair of gloves (worn)
 s - a +0 ring mail (worn)
Jewellery
 k - a ring of wizardry (right hand)
 r - an uncursed ring of positive energy {unknown}
 t - an uncursed amulet of guardian spirit {unknown}
Wands
 q - a wand of iceblast (7)
 w - a wand of acid (5)
Scrolls
 d - 4 scrolls of teleportation {unknown}
 e - a scroll of magic mapping {unknown}
 g - 2 scrolls of amnesia {unknown}
 j - a scroll of blinking {unknown}
 l - a scroll of enchant armour {unknown}
 m - a scroll of remove curse {unknown}
 o - 3 scrolls of identify {unknown}
 u - 2 scrolls of fog {unknown}
 y - a scroll of enchant weapon {unknown}
Potions
 n - a potion of degeneration {unknown}
 p - a potion of curing {unknown}
 v - a potion of haste
Comestibles
 b - 6 rations
 x - 9 chunks of flesh


   Skills:
 + Level 2.2 Fighting
 + Level 3.6 Dodging
 - Level 2.0 Stealth
 * Level 3.9 Spellcasting
 + Level 3.6 Conjurations
 + Level 5.3 Air Magic


You had 2 spell levels left.
You knew the following spells:

 Your Spells              Type           Power        Failure   Level  Hunger
a - Shock                 Conj/Air       ###.         3%          1    None
b - Swiftness             Chrm/Air       ##......     9%          2    ##.....
c - Static Discharge      Conj/Air       ###.....     9%          3    ###....
d - Airstrike             Air            ###.......   21%         4    ####...


Dungeon Overview and Level Annotations

Branches:
Dungeon (4/15)
 Temple: D:4-7

Altars:
Wu Jian
Zin

Annotations:
D:4 enarc13's ghost, amateur BaHu


Innate Abilities, Weirdness & Mutations

You have a beak for a mouth.
You have claws for feet.
You can fly.


Message History

The zap hits enarc13's ghost.
Enarc13's ghost is severely damaged.
The zap misses enarc13's ghost.
Enarc13's ghost closely misses you.
You barely miss enarc13's ghost. You claw enarc13's ghost.
Enarc13's ghost is almost destroyed.
Enarc13's ghost hits you.
You miss enarc13's ghost.
You claw enarc13's ghost, but do no damage.
Enarc13's ghost is almost destroyed.
Enarc13's ghost closely misses you.
You hit enarc13's ghost but do no damage.
Your kick misses enarc13's ghost.
Enarc13's ghost is almost destroyed.
Enarc13's ghost hits you!
* * * LOW HITPOINT WARNING * * *
You hit enarc13's ghost. You claw enarc13's ghost. You peck enarc13's ghost.
Enarc13's ghost is almost destroyed.
Enarc13's ghost wails, "Do you think the gods will protect you?"
Enarc13's ghost hits you!
You die...

))..#...........######.##........
######.....####........#####.###.
##>..##..........[....#.# #.
##.###.##.##..##.......###< ### #
#)# ..##..........) #.#
..#.###.###.##. #.#
..#.###........
#.##W##........###.###
#....@..###.# ... ##......# ###
#.#.##.# #.#.# .# #.#.# # # #.#
... #.


You could see enarc13's ghost.

Vanquished Creatures
  An ogre (D:4)
  A scorpion (D:4)
  Jessica (D:3)
  An orc wizard (D:4)
  5 adders
  4 worms
  4 dart slugs
  3 leopard geckos
  8 orcs (D:4)
  4 giant cockroaches
  6 goblins
  12 hobgoblins
  11 jackals
  9 kobolds
  A quokka (D:3)
  A ball python (D:2)
  6 bats
  2 frilled lizards
  11 rats
91 creatures vanquished.

Notes
Turn   | Place    | Note
-------+----------+-------------------------------------------
     0 | D:1      | MatthieuS the Tengu Air Elementalist began the quest for the Orb.
     0 | D:1      | Reached XP level 1. HP: 10/10 MP: 4/4
   336 | D:1      | Reached XP level 2. HP: 15/15 MP: 4/6
   607 | D:1      | Reached XP level 3. HP: 20/20 MP: 0/7
   979 | D:1      | Learned a level 2 spell: Swiftness
   983 | D:1      | Learned a level 3 spell: Static Discharge
  1334 | D:2      | Found an ornate altar of the Wu Jian Council.
  1359 | D:2      | Reached skill level 1 in Fighting
  1565 | D:2      | Reached XP level 4. HP: 25/25 MP: 0/9
  3054 | D:3      | Gained mutation: You can fly. [Tengu growth]
  3054 | D:3      | Reached XP level 5. HP: 29/29 MP: 3/10
  3184 | D:3      | Noticed Jessica
  3196 | D:3      | Killed Jessica
  3418 | D:3      | Found a glowing silver altar of Zin.
  3616 | D:4      | Noticed an ogre
  3622 | D:4      | Killed an ogre
  3622 | D:4      | Reached skill level 5 in Air Magic
  3622 | D:4      | Reached XP level 6. HP: 12/35 MP: 0/12
  3967 | D:4      | Noticed enarc13's ghost (amateur BaHu)
  3973 | D:4      | Learned a level 4 spell: Airstrike
  4450 | D:4      | Slain by enarc13's ghost

Vault maps used:
D:1:      lightli_arrival_statuegarden, minmay_misc_feat_pillars
D:2:      overflow_temple_1_default, first_ration
D:3:      zin_treasury, uniq_jessica

Skill      XL: |  1  2  3  4  5  6 |
---------------+-------------------+-----
Conjurations   | 2 3 |  3.6
Fighting       | 1 2 |  2.2
Spellcasting   | 3 |  3.9
Dodging        | 3 |  3.6
Air Magic      | 5 |  5.3
Stealth        | |  2.0

Action                   |  1- 3 |  4- 6 || total
-------------------------+-------+-------++-------
Melee: Whip              |    13 |    13 ||    26
       Kick              |     2 |     4 ||     6
       Peck              |       |     2 ||     2
 Cast: Shock             |    84 |   133 ||   217
       Static Discharge  |       |    11 ||    11
       Airstrike         |       |     1 ||     1
  Use: Potion            |       |     1 ||     1
  Eat: Chunk             |     3 |    10 ||    13
Armor: Leather armour    |    10 |       ||    10
       Ring mail         |       |    14 ||    14
Dodge: Dodged            |    17 |    27 ||    44

Table legend:
 A = Spawn XP
 B = Non-spawn XP
 C = Spawn XP percentage of total XP
 D = Spawn monster count
 E = Non-spawn monster count
 F = Spawn count percentage of total count
 G = Total turns spent on level
                    A         B        C        D         E        F      G
               +---------+---------+-------+---------+---------+-------+---------
         Total |       0 |     498 |   0.0 |       0 |      91 |   0.0 |  4450
               +---------+---------+-------+---------+---------+-------+---------
           D:1 |       0 |      40 |   0.0 |       0 |      23 |   0.0 |  1043
           D:2 |       0 |      64 |   0.0 |       0 |      27 |   0.0 |  1270
           D:3 |       0 |     141 |   0.0 |       0 |      27 |   0.0 |  1504
           D:4 |       0 |     253 |   0.0 |       0 |      14 |   0.0 |   633
               +---------+---------+-------+---------+---------+-------+---------
